 Dungeon Crawl Stone Soup version 0.27.1 (webtiles) character file.

Game seed: 5185777547053862280

3 Sabo the Skirmisher (level 1, 18/18 HPs)
             Began as a Demonspawn Fighter on Aug 26, 2021.
             Was a Follower of Jiyva.
             Got out of the dungeon alive.
             The game lasted 00:01:04 (240 turns).

Sabo the Skirmisher (Demonspawn Fighter)             Turns: 240, Time: 00:01:04

Health: 18/18      AC:  6    Str: 16    XL:     1   Next: 41%
Magic:  1/1        EV:  6    Int:  9    God:    Jiyva [*.....]
Gold:   32         SH:  8    Dex: 12    Spells: 0/0 levels left

rFire    . . .     SeeInvis .   a - +0 war axe
rCold    . . .     Faith    .   c - +0 kite shield
rNeg     . . .     Spirit   .   b - +0 scale mail
rPois    .         Reflect  .   (no helmet)
rElec    .         Harm     .   (no cloak)
rCorr    .         Rampage  .   (no gloves)
Will     .....                  (no boots)
Stlth    ..........             (no amulet)
HPRegen  0.06/turn              (no ring)
MPRegen  0.07/turn              (no ring)

@: no status effects
A: no striking features
a: Renounce Religion, Request Jelly


You escaped.
You worshipped Jiyva.
Jiyva was aware of your devotion.
You visited 1 branch of the dungeon, and saw 1 of its levels.

You collected 32 gold pieces.

Inventory:

Hand Weapons
 a - a +0 war axe (weapon)
Missiles
 e - 10 poisoned darts (quivered)
Armour
 b - a +0 scale mail (worn)
 c - a +0 kite shield (worn)
Potions
 d - a potion of might


   Skills:
 + Level 3.0 Fighting
 + Level 1.7 Axes
 + Level 2.7 Armour
 + Level 2.8 Shields


You couldn't memorise any spells.
You didn't know any spells.
Your spell library contained the following spells:

 Spells                   Type           Power      Damage    Failure   Level
 Blink                    Tloc           N/A        N/A       100%        2
 Manifold Assault         Tloc           0%         N/A       100%        5
 Storm Form               Tmut/Air       0%         N/A       100%        7


Dungeon Overview and Level Annotations

Branches:
Dungeon (1/15)

Altars:
Jiyva


Message History

The quokka barely misses you.
The quokka bites you but does no damage.
You hit the quokka.
The quokka is heavily wounded.
The quokka bites you but does no damage.
You block the quokka's attack.
You slash the quokka!
You kill the quokka!
You see here a quokka corpse.
You start resting.
HP restored.
You see here a quokka corpse.
Found a faded altar of an unknown god.
Found 13 gold pieces.
You now have 32 gold pieces (gained 13).
Found a ring mail.
A ball python and a hobgoblin come into view.
The ball python hisses angrily.
The hobgoblin shouts!
There is a faded altar of an unknown god here.
You cannot tell which god this altar belongs to.
Convert to them anyway?
Jiyva accepts your prayer! Jiyva welcomes you! Jiyva grants you a jelly!
You can now request a jelly.
You slash the ball python!
You kill the ball python!
Your scale mail prevents you from hitting the hobgoblin.
The hobgoblin completely misses you.
The hobgoblin hits you but does no damage.
You closely miss the hobgoblin. You block the hobgoblin's attack.
The hobgoblin completely misses you.
You barely miss the hobgoblin. The hobgoblin hits you.
You slash the hobgoblin!
You kill the hobgoblin!
You hear a slurping noise.
Found 11 gold pieces.
You hear a distant slurping noise.
Jiyva appreciates your sacrifice.
There is a staircase leading out of the dungeon here.
Are you sure you want to leave the Dungeon?
This will make you lose the game!
You have escaped!

.##.##........#### ....
..............
#..##.......#.##.#
###................# #.
..........#......#.# #.
#......###.......#
#.####.......#......#
#.#.................###
###.#......#...#@..#.....
....#.....###.###.###...#
...........#..>#...#..#
......................# #
...#.###.......#......#.#
.. #.# #......###.......#
# #.# ##......#.........
####.####.............###
#.......######....#####


There were no monsters in sight!

Vanquished Creatures
  A hobgoblin (D:1)
  A quokka (D:1)
  A ball python (D:1)
3 creatures vanquished.

Notes
Turn   | Place    | Note
-------+----------+-------------------------------------------
     0 | D:1      | Sabo the Demonspawn Fighter began the quest for the Orb.
     0 | D:1      | Reached XP level 1. HP: 18/18 MP: 1/1
   169 | D:1      | Found a faded altar of an unknown god.
   187 | D:1      | Became a worshipper of Jiyva Jeasyafu the Shapeless
   187 | D:1      | Reached * piety under Jiyva
   240 | D:$      | Got out of the dungeon alive.

Illustrated notes

Levels and vault maps discovered:
D:1:      minmay_arrival_five_plusses, layout_loops_cross,
          shapermc_ecumenical_altar_starsandcircs, due_unseen_surprise

Action                   || total
-------------------------++-------
Melee: War axe           ||    11
Armor: Scale mail        ||     4
Dodge: Dodged            ||     3
Block: Kite shield       ||     5
